Marlies vs Senators
Created - April 18, 2022 at 20:12
Goals
|
| Marlies |
1 |
1 |
0 |
2 |
| Senators |
0 |
2 |
3 |
5 |
|
Shots
|
| Marlies |
6 |
7 |
9 |
22 |
| Senators |
7 |
20 |
7 |
34 |
|
1st period
1. Marlies , Neal Pionk 9 (Logan Brown 8) at 6:03
Penalties :
Shane Prince (Tor) for Hooking (Minor) at 14:51
2nd period
2. Senators , Zemgus Girgensons 33 (Michael Matheson 12, Jacob De La Rose 5) at 15:24
3. Senators , Chandler Stephenson 6 (Dmitry Sinitsyn 33, Michael Matheson 13) at 16:46
4. Marlies , Pavel Zacha 21 (Nick Ritchie 42) at 16:54
Penalties :
Brett Pesce (Tor) for Roughing (Minor) at 2:19, Dennis Gilbert (Tor) for Goalie Interference (Minor) at 9:09
3rd period
5. Senators , Zachary Sanford 31 (Tomas Jurco 29, Christoph Bertschy 43) at 0:26
6. Senators , Jacob De La Rose 6 (Oliver Bjorkstrand 28, Zemgus Girgensons 24) at 1:23
7. Senators , Tomas Jurco 25 (Zachary Sanford 42, Christoph Bertschy 44) at 3:06
Penalties :
Nick Ritchie (Tor) for Holding (Minor) at 7:44, Tyler Benson (Tor) for Roughing (Minor) at 9:56, Tyler Benson (Tor) for Roughing (Minor) at 13:54, Aleksi Saarela (Tor) for Hooking (Minor) at 17:35, Christoph Bertschy (Bel) for High sticking (Minor) at 17:53
Goalie Stats
Malcolm Subban (Tor), 29 saves from 34 shots - (0.853), L, 16-12-5, 60:00 minutes
Garret Sparks (Bel), 20 saves from 22 shots - (0.909), W, 11-8-1, 60:00 minutes
Players Stats for Marlies
Player Name G A P +/- PIM S H SB GA TA FO MP PP MP PK MP
------------------------------------------------------------------------------------
Aleksi Saarela 0 0 0 -2 2 1 0 0 0 0 5/12 17:59 0:18 3:49
Brett Pesce 0 0 0 -1 2 1 2 1 1 0 0/0 17:17 0:00 4:04
Colton Sissons 0 0 0 0 0 2 1 1 0 0 12/15 16:18 0:00 6:44
Dennis Gilbert 0 0 0 -1 2 0 2 1 0 0 0/0 14:59 0:00 0:56
Haydn Fleury 0 0 0 -1 0 1 1 2 0 0 0/0 27:12 0:18 6:38
Jeff Corbett 0 0 0 -1 0 0 1 1 0 0 0/0 15:31 0:00 1:30
Johan Larsson 0 0 0 0 0 0 0 0 0 0 1/1 12:10 0:18 1:58
JT Compher 0 0 0 -2 0 2 0 1 1 0 0/0 13:30 0:00 0:00
Linden Vey 0 0 0 0 0 1 0 0 1 0 0/0 12:22 0:00 3:11
Logan Brown 0 1 1 0 0 1 0 0 0 0 1/3 7:41 0:00 0:00
Mathieu Olivier 0 0 0 0 0 3 0 0 0 0 0/0 7:41 0:00 0:00
Neal Pionk 1 0 1 -1 0 1 0 1 0 1 0/0 24:28 0:18 4:35
Nicholas Baptiste 0 0 0 -1 0 2 1 0 1 0 0/0 17:30 0:00 2:16
Nick Ritchie 0 1 1 -1 2 2 1 0 0 0 2/2 21:39 0:00 5:47
Pavel Zacha 1 0 1 -1 0 4 1 1 0 1 14/26 15:42 0:00 0:00
Shane Prince 0 0 0 -2 2 0 2 0 0 0 0/1 15:15 0:18 0:39
Tim Erixon 0 0 0 -1 0 1 0 0 0 1 0/0 20:35 0:00 6:41
Tyler Benson 0 0 0 0 4 0 1 0 1 0 0/0 8:11 0:00 0:00
Players Stats for Senators
Player Name G A P +/- PIM S H SB GA TA FO MP PP MP PK MP
------------------------------------------------------------------------------------
A.J. Jenks 0 0 0 0 0 0 1 1 0 0 1/1 10:36 0:12 0:08
Chandler Stephenson 1 0 1 1 0 4 1 0 0 0 0/4 9:24 0:00 0:12
Christoph Bertschy 0 2 2 0 2 3 0 0 0 0 10/27 22:11 6:18 0:00
Dmitry Sinitsyn 0 1 1 3 0 2 2 1 0 1 0/0 25:41 7:12 0:12
Grant Besse 0 0 0 0 0 0 1 0 0 0 0/0 9:27 0:12 0:00
Jacob De La Rose 1 1 2 2 0 1 0 0 0 0 8/16 18:23 5:44 0:06
Jonas Siegenthaler 0 0 0 1 0 0 0 0 0 0 0/0 4:24 0:00 0:00
Joonas Lyytinen 0 0 0 -1 0 0 3 0 0 2 0/0 10:11 0:00 0:00
Jordan Schroeder 0 0 0 0 0 3 0 0 0 0 0/1 8:43 0:00 0:00
Keegan Lowe 0 0 0 0 0 0 1 2 0 0 0/0 19:44 5:00 0:06
Mason Geertsen 0 0 0 1 0 0 0 0 0 0 0/0 4:24 0:00 0:00
Michael Matheson 0 2 2 3 0 2 4 0 0 0 0/0 25:41 7:12 0:12
Nikita Nesterov 0 0 0 -1 0 1 2 0 0 1 0/0 10:11 0:00 0:00
Oliver Bjorkstrand 0 1 1 2 0 3 1 0 1 0 1/1 17:37 5:41 0:00
Scott Harrington 0 0 0 0 0 0 2 2 0 0 0/0 19:44 5:00 0:06
Tomas Jurco 1 1 2 0 0 3 2 0 0 1 1/3 22:05 6:19 0:00
Vitaly Abramov 0 0 0 1 0 1 0 0 1 0 1/1 9:18 0:07 0:00
William Bitten 0 0 0 1 0 0 1 0 0 0 1/1 8:45 0:00 0:00
Zachary Sanford 1 1 2 0 0 5 2 2 1 0 1/4 23:22 6:19 0:06
Zemgus Girgensons 1 1 2 2 0 6 2 0 0 0 1/1 18:09 5:43 0:04
3 Stars
1 - Zemgus Girgensons (Bel)
2 - Michael Matheson (Bel)
3 - Jacob De La Rose (Bel)
Power Play
Marlies - 0 on 1 Attempt(s) - 0.00%
Senators - 0 on 7 Attempt(s) - 0.00%
Penalty Kill
Marlies - 7 on 7 Attempt(s) - 100.00%
- Score 0 goal in Penalty Kill
Senators - 1 on 1 Attempt(s) - 100.00%
- Score 0 goal in Penalty Kill
Team Stat
Marlies - Hits : 13 - Faceoff Wins : 35 - Blocked Shots : 9 - Penalty Minutes : 14
Senators - Hits : 25 - Faceoff Wins : 25 - Blocked Shots : 8 - Penalty Minutes : 2
Official
Referees : Dan O'Rourke and Jon McIsaac
Linesman : Derek Amell and Tony Sericolo
Game Notes
No Game Note
Finance
Level 1 -- Attendance: 1828 (91.40%) -- Ticket Income $63,980
Level 2 -- Attendance: 914 (91.40%) -- Ticket Income $13,710
Total Attendance: 2742 (91.40%)
Total Ticket Income: $77,690
Other Income: $3,884
Total Income: $81,574
Marlies
5 vs 5 Forward
Center Left Wing Right Wing Time % Phy DF OF
1 Pavel Zacha Nick Ritchie Nicholas Baptiste 40 1 2 2
2 Aleksi Saarela Shane Prince JT Compher 30 1 2 2
3 Colton Sissons Johan Larsson Linden Vey 20 1 2 2
4 Logan Brown Tyler Benson Mathieu Olivier 10 1 2 2
5 vs 5 Defense
Defense Defense Time % Phy DF OF
1 Haydn Fleury Neal Pionk 40 1 2 2
2 Tim Erixon Brett Pesce 30 1 2 2
3 Jeff Corbett Dennis Gilbert 20 1 2 2
4 Haydn Fleury Neal Pionk 10 1 2 2
PowerPlay Forward
Center Left Wing Right Wing Time % Phy DF OF
1 Pavel Zacha Nick Ritchie Nicholas Baptiste 60 1 2 2
2 Colton Sissons Shane Prince JT Compher 40 1 2 2
PowerPlay Defense
Defense Defense Time % Phy DF OF
1 Haydn Fleury Neal Pionk 60 1 2 2
2 Tim Erixon Brett Pesce 40 1 2 2
Penalty Kill 4 Players Forward
Center Wing Time % Phy DF OF
1 Colton Sissons Nick Ritchie 60 1 2 2
2 Aleksi Saarela Linden Vey 40 1 2 2
Penalty Kill 4 Players Defense
Defense Defense Time % Phy DF OF
1 Haydn Fleury Tim Erixon 60 1 2 2
2 Neal Pionk Brett Pesce 40 1 2 2
Penalty Kill - 3 Players Forward
Forward Time % Phy DF OF
1 Colton Sissons 60 1 2 2
2 Aleksi Saarela 40 1 2 2
Penalty Kill - 3 Players Defense
Defense Defense Time % Phy DF OF
1 Haydn Fleury Tim Erixon 60 1 2 2
2 Neal Pionk Brett Pesce 40 1 2 2
4 vs 4 Forward
Center Wing Time % Phy DF OF
1 Pavel Zacha Nick Ritchie 60 1 2 2
2 Colton Sissons Nicholas Baptiste 40 1 2 2
4 vs 4 Defense
Defense Defense Time % Phy DF OF
1 Haydn Fleury Neal Pionk 60 1 2 2
2 Tim Erixon Brett Pesce 40 1 2 2
Last Minutes Offensive
Center Left Wing Right Wing Defense Defense
Colton Sissons Nick Ritchie Linden Vey Haydn Fleury Tim Erixon
Last Minutes Defensive
Center Left Wing Right Wing Defense Defense
Colton Sissons Nick Ritchie Linden Vey Haydn Fleury Tim Erixon
Goaltenders
Starting : Malcolm Subban
Backup : Charlie Lindgren
Extra Forwards
Normal : Nicholas Baptiste, Johan Larsson, Shane Prince - PP : Nicholas Baptiste, Johan Larsson - PK : Nicholas Baptiste
Extra Defensemen
Normal : Brett Pesce, Jeff Corbett, Dennis Gilbert - PP : Brett Pesce - PK : Brett Pesce, Jeff Corbett
Penalty Shots
Linden Vey, Nick Ritchie, JT Compher, Colton Sissons, Nicholas Baptiste
Scratches
Brycen Martin (Healthy), Henri Ikonen (Healthy), Jaden Lindo (Healthy), Jakob Forsbacka-Karlsson (Healthy), Radovan Bondra (Healthy)
Simon Bourque (Healthy), Tobias Lindberg (Healthy), Zack MacEwen (Healthy), Lucas Carlsson (Fractured Metatarsal (Left Foot) Injury), Otto Koivula (Healthy)
Jamie Phillips (Healthy)
Senators
5 vs 5 Forward
Center Left Wing Right Wing Time % Phy DF OF
1 Christoph Bertschy Zachary Sanford Tomas Jurco 40 1 2 2
2 Jacob De La Rose Zemgus Girgensons Oliver Bjorkstrand 30 1 2 2
3 Jordan Schroeder A.J. Jenks Grant Besse 15 1 2 2
4 Chandler Stephenson Vitaly Abramov William Bitten 15 1 2 2
5 vs 5 Defense
Defense Defense Time % Phy DF OF
1 Michael Matheson Dmitry Sinitsyn 40 1 2 2
2 Keegan Lowe Scott Harrington 30 1 2 2
3 Nikita Nesterov Joonas Lyytinen 20 1 2 2
4 Mason Geertsen Jonas Siegenthaler 10 1 2 2
PowerPlay Forward
Center Left Wing Right Wing Time % Phy DF OF
1 Christoph Bertschy Zachary Sanford Tomas Jurco 60 0 1 4
2 Jacob De La Rose Zemgus Girgensons Oliver Bjorkstrand 40 0 1 4
PowerPlay Defense
Defense Defense Time % Phy DF OF
1 Michael Matheson Dmitry Sinitsyn 60 1 2 2
2 Keegan Lowe Scott Harrington 40 1 2 2
Penalty Kill 4 Players Forward
Center Wing Time % Phy DF OF
1 Christoph Bertschy Zachary Sanford 60 1 2 2
2 Jacob De La Rose Zemgus Girgensons 40 1 2 2
Penalty Kill 4 Players Defense
Defense Defense Time % Phy DF OF
1 Michael Matheson Dmitry Sinitsyn 60 1 2 2
2 Keegan Lowe Scott Harrington 40 1 2 2
Penalty Kill - 3 Players Forward
Forward Time % Phy DF OF
1 Christoph Bertschy 60 1 2 2
2 Jacob De La Rose 40 1 2 2
Penalty Kill - 3 Players Defense
Defense Defense Time % Phy DF OF
1 Michael Matheson Dmitry Sinitsyn 60 1 2 2
2 Keegan Lowe Scott Harrington 40 1 2 2
4 vs 4 Forward
Center Wing Time % Phy DF OF
1 Christoph Bertschy Zachary Sanford 60 1 2 2
2 Jacob De La Rose Zemgus Girgensons 40 1 2 2
4 vs 4 Defense
Defense Defense Time % Phy DF OF
1 Michael Matheson Dmitry Sinitsyn 60 1 2 2
2 Keegan Lowe Scott Harrington 40 1 2 2
Last Minutes Offensive
Center Left Wing Right Wing Defense Defense
Christoph Bertschy Zachary Sanford Tomas Jurco Michael Matheson Dmitry Sinitsyn
Last Minutes Defensive
Center Left Wing Right Wing Defense Defense
Christoph Bertschy Zachary Sanford Tomas Jurco Michael Matheson Dmitry Sinitsyn
Goaltenders
Starting : Garret Sparks
Backup : Scott Wedgewood
Extra Forwards
Normal : A.J. Jenks, Christoph Bertschy, Jacob De La Rose - PP : A.J. Jenks, Christoph Bertschy - PK : A.J. Jenks
Extra Defensemen
Normal : Joonas Lyytinen, Mason Geertsen, Jonas Siegenthaler - PP : Joonas Lyytinen - PK : Joonas Lyytinen, Mason Geertsen
Penalty Shots
Tomas Jurco, Oliver Bjorkstrand, Zachary Sanford, Zemgus Girgensons, A.J. Jenks
Scratches
Gustav Forsling (Healthy), Kevin Rooney (Left Knee Injury), Arttu Ruotsalainen (Healthy), Cliff Pu (Healthy), Keven Bouchard (Healthy)
% Time on Ice - Marlies
Lines # - Real PCT - Wanted PCT - Time Play
Normal Forward
1 - 34% - 40% - 15:27
2 - 30% - 30% - 13:46
3 - 19% - 20% - 8:55
4 - 17% - 10% - 7:41
Normal Defense
1 - 40% - 40% - 18:23
2 - 26% - 30% - 11:46
3 - 31% - 20% - 14:01
4 - 4% - 10% - 1:39
PP Forward
1 - 100% - 60% - 0:18
2 - 0% - 40% - 0:00
PP Defense
1 - 100% - 60% - 0:18
2 - 0% - 40% - 0:00
PK Forward
1 - 74% - 60% - 9:01
2 - 26% - 40% - 3:11
PK Defense
1 - 58% - 60% - 7:06
2 - 42% - 40% - 5:06
PK3 Forward
1 - 0% - 60%
2 - 0% - 40%
PK3 Defense
1 - 0% - 60%
2 - 0% - 40%
44 Forward
1 - 78% - 60% - 1:19
2 - 22% - 40% - 0:22
44 Defense
1 - 65% - 60% - 1:06
2 - 35% - 40% - 0:35
Last Minute Offensive - 0:00
Last Minute Defensive - 0:00
Total
Forward - 60:00
Defense - 60:00
|
% Time on Ice - Senators
Lines # - Real PCT - Wanted PCT - Time Play
Normal Forward
1 - 36% - 40% - 16:19
2 - 26% - 30% - 12:02
3 - 19% - 15% - 8:43
4 - 19% - 15% - 8:45
Normal Defense
1 - 38% - 40% - 17:11
2 - 31% - 30% - 14:03
3 - 22% - 20% - 10:11
4 - 10% - 10% - 4:24
PP Forward
1 - 53% - 60% - 6:26
2 - 47% - 40% - 5:46
PP Defense
1 - 59% - 60% - 7:12
2 - 41% - 40% - 5:00
PK Forward
1 - 100% - 60% - 0:18
2 - 0% - 40% - 0:00
PK Defense
1 - 67% - 60% - 0:12
2 - 33% - 40% - 0:06
PK3 Forward
1 - 0% - 60%
2 - 0% - 40%
PK3 Defense
1 - 0% - 60%
2 - 0% - 40%
44 Forward
1 - 100% - 60% - 1:41
2 - 0% - 40% - 0:00
44 Defense
1 - 65% - 60% - 1:06
2 - 35% - 40% - 0:35
Last Minute Offensive - 0:00
Last Minute Defensive - 0:00
Total
Forward - 60:00
Defense - 60:00
|
Play-by-Play
1st period
0:01 of 1st period - Pavel Zacha wins face-off versus Christoph Bertschy in neutral zone.
0:06 of 1st period - Slapshot by Pavel Zacha.
0:06 of 1st period - Stopped by Garret Sparks without a rebound.
0:07 of 1st period - Christoph Bertschy wins face-off versus Pavel Zacha in Senators zone.
0:56 of 1st period - Snap shot by Nick Ritchie.
0:56 of 1st period - Shot Blocked by Dmitry Sinitsyn.
0:58 of 1st period - Slapshot by Pavel Zacha.
0:58 of 1st period - Shot Misses the Net.
1:00 of 1st period - Snap shot by Nick Ritchie.
1:00 of 1st period - Stopped by Garret Sparks without a rebound.
1:01 of 1st period - Aleksi Saarela wins face-off versus Jacob De La Rose in Senators zone.
1:06 of 1st period - Snap shot by JT Compher.
1:06 of 1st period - Shot Blocked by Keegan Lowe.
1:08 of 1st period - Slapshot by Tim Erixon.
1:08 of 1st period - Shot Blocked by Scott Harrington.
1:28 of 1st period - Scott Harrington is hit by Brett Pesce and loses puck.
1:47 of 1st period - Brett Pesce is hit by Joonas Lyytinen and loses puck.
2:17 of 1st period - Snap shot by Zemgus Girgensons.
2:17 of 1st period - Shot Misses the Net.
3:39 of 1st period - Tim Erixon is hit by Zemgus Girgensons and loses puck.
3:56 of 1st period - Snap shot by A.J. Jenks.
3:56 of 1st period - Shot Misses the Net.
4:57 of 1st period - Snap shot by Zemgus Girgensons.
4:57 of 1st period - Shot Misses the Net.
4:59 of 1st period - Snap shot by Oliver Bjorkstrand.
4:59 of 1st period - Shot Misses the Net.
5:01 of 1st period - Wrist shot by Oliver Bjorkstrand.
5:01 of 1st period - Shot Blocked by Dennis Gilbert.
5:03 of 1st period - Slapshot by Keegan Lowe.
5:03 of 1st period - Shot Blocked by Jeff Corbett.
5:15 of 1st period - Scott Harrington is hit by Shane Prince.
5:43 of 1st period - Backhand shot by Nick Ritchie.
5:43 of 1st period - Shot Misses the Net.
6:01 of 1st period - Snap shot by Logan Brown.
6:01 of 1st period - Stopped by Garret Sparks with a rebound.
6:03 of 1st period - Slapshot by Neal Pionk.
6:03 of 1st period - Goal by Neal Pionk - Marlies : 1 - Senators : 0.
6:04 of 1st period - Pavel Zacha wins face-off versus Jacob De La Rose in neutral zone.
6:29 of 1st period - Shane Prince is hit by Keegan Lowe and loses puck.
7:16 of 1st period - Slapshot by Jordan Schroeder.
7:16 of 1st period - Stopped by Malcolm Subban with a rebound.
8:00 of 1st period - Snap shot by Pavel Zacha.
8:00 of 1st period - Stopped by Garret Sparks without a rebound.
8:01 of 1st period - Christoph Bertschy wins face-off versus Aleksi Saarela in Senators zone.
8:03 of 1st period - Icing by Tomas Jurco.
8:04 of 1st period - Aleksi Saarela wins face-off versus Zachary Sanford in Senators zone.
8:28 of 1st period - Dennis Gilbert is hit by Zachary Sanford and loses puck.
9:01 of 1st period - Slapshot by Aleksi Saarela.
9:01 of 1st period - Stopped by Garret Sparks with a rebound.
9:07 of 1st period - Dennis Gilbert is hit by Tomas Jurco.
9:11 of 1st period - Snap shot by Zachary Sanford.
9:11 of 1st period - Stopped by Malcolm Subban with a rebound.
9:17 of 1st period - Snap shot by Tomas Jurco.
9:17 of 1st period - Shot Blocked by JT Compher.
9:27 of 1st period - Snap shot by Zachary Sanford.
9:27 of 1st period - Stopped by Malcolm Subban without a rebound.
9:28 of 1st period - Jacob De La Rose wins face-off versus Pavel Zacha in Marlies zone.
9:31 of 1st period - Wrist shot by Zemgus Girgensons.
9:31 of 1st period - Shot Misses the Net.
9:33 of 1st period - Snap shot by Keegan Lowe.
9:33 of 1st period - Shot Blocked by Neal Pionk.
9:41 of 1st period - Wrist shot by Oliver Bjorkstrand.
9:41 of 1st period - Deflect By Zemgus Girgensons.
9:41 of 1st period - Stopped by Malcolm Subban with a rebound.
10:14 of 1st period - Snap shot by Zemgus Girgensons.
10:14 of 1st period - Shot Misses the Net.
10:37 of 1st period - Wrist shot by Oliver Bjorkstrand.
10:37 of 1st period - Deflect By Zemgus Girgensons.
10:37 of 1st period - Shot Misses the Net.
10:37 of 1st period - Puck is out of play.
10:38 of 1st period - Johan Larsson wins face-off versus Chandler Stephenson in Marlies zone.
10:46 of 1st period - Icing by Dmitry Sinitsyn.
10:47 of 1st period - Colton Sissons wins face-off versus Chandler Stephenson in Senators zone.
11:09 of 1st period - Off-side.
11:10 of 1st period - Christoph Bertschy wins face-off versus Aleksi Saarela in neutral zone.
12:24 of 1st period - Johan Larsson is hit by Zachary Sanford and loses puck.
12:58 of 1st period - Jeff Corbett is hit by William Bitten and loses puck.
13:15 of 1st period - Wrist shot by Nick Ritchie.
13:15 of 1st period - Shot Blocked by A.J. Jenks.
13:55 of 1st period - Slapshot by Christoph Bertschy.
13:55 of 1st period - Stopped by Malcolm Subban without a rebound.
13:56 of 1st period - Nick Ritchie wins face-off versus Christoph Bertschy in Marlies zone.
14:22 of 1st period - Snap shot by Christoph Bertschy.
14:22 of 1st period - Shot Misses the Net.
14:28 of 1st period - Slapshot by Christoph Bertschy.
14:28 of 1st period - Stopped by Malcolm Subban without a rebound.
14:29 of 1st period - Jacob De La Rose wins face-off versus Aleksi Saarela in Marlies zone.
14:51 of 1st period - Minor Penalty to Shane Prince for Hooking.
14:52 of 1st period - Colton Sissons wins face-off versus Christoph Bertschy in Marlies zone.
16:51 of 1st period - Penalty to Shane Prince is over, Shane Prince is back on ice.
16:59 of 1st period - Tim Erixon is hit by A.J. Jenks and loses puck.
18:17 of 1st period - Zemgus Girgensons is hit by Tyler Benson.
19:19 of 1st period - Snap shot by Oliver Bjorkstrand.
19:19 of 1st period - Shot Misses the Net.
19:35 of 1st period - Snap shot by Jordan Schroeder.
19:35 of 1st period - Stopped by Malcolm Subban with a rebound.
19:37 of 1st period - Snap shot by A.J. Jenks.
19:37 of 1st period - Shot Blocked by Brett Pesce.
19:50 of 1st period - Icing by Joonas Lyytinen.
19:51 of 1st period - Colton Sissons wins face-off versus Christoph Bertschy in Senators zone.
Goals for this period are 1 for Marlies vs 0 for Senators.
Shots for this period are 6 for Marlies vs 7 for Senators.
2nd period
0:01 of 2nd period - Pavel Zacha wins face-off versus Tomas Jurco in neutral zone.
0:30 of 2nd period - Snap shot by Zemgus Girgensons.
0:30 of 2nd period - Stopped by Malcolm Subban with a rebound.
0:36 of 2nd period - Snap shot by Oliver Bjorkstrand.
0:36 of 2nd period - Stopped by Malcolm Subban without a rebound.
0:37 of 2nd period - Colton Sissons wins face-off versus Tomas Jurco in Marlies zone.
0:42 of 2nd period - Wrist shot by Colton Sissons.
0:42 of 2nd period - Stopped by Garret Sparks with a rebound.
0:59 of 2nd period - Linden Vey is hit by Tomas Jurco.
1:27 of 2nd period - Off-side.
1:28 of 2nd period - Jacob De La Rose wins face-off versus Pavel Zacha in neutral zone.
1:36 of 2nd period - Oliver Bjorkstrand is hit by Nicholas Baptiste and loses puck.
1:53 of 2nd period - Neal Pionk is hit by Chandler Stephenson and loses puck.
2:00 of 2nd period - Wrist shot by Vitaly Abramov.
2:00 of 2nd period - Stopped by Malcolm Subban with a rebound.
2:02 of 2nd period - Snap shot by William Bitten.
2:02 of 2nd period - Shot Blocked by Haydn Fleury.
2:04 of 2nd period - Slapshot by Nikita Nesterov.
2:04 of 2nd period - Stopped by Malcolm Subban without a rebound.
2:05 of 2nd period - Pavel Zacha wins face-off versus Jordan Schroeder in Marlies zone.
2:19 of 2nd period - Minor Penalty to Brett Pesce for Roughing.
2:20 of 2nd period - Christoph Bertschy wins face-off versus Colton Sissons in Marlies zone.
2:32 of 2nd period - Slapshot by Tomas Jurco.
2:32 of 2nd period - Stopped by Malcolm Subban without a rebound.
2:33 of 2nd period - Colton Sissons wins face-off versus Christoph Bertschy in Marlies zone.
2:44 of 2nd period - Haydn Fleury is hit by Michael Matheson and loses puck.
3:17 of 2nd period - Jeff Corbett is hit by Oliver Bjorkstrand and loses puck.
3:32 of 2nd period - Snap shot by Christoph Bertschy.
3:32 of 2nd period - Stopped by Malcolm Subban without a rebound.
3:33 of 2nd period - Zachary Sanford wins face-off versus Aleksi Saarela in Marlies zone.
3:44 of 2nd period - Wrist shot by Zachary Sanford.
3:44 of 2nd period - Deflect By Christoph Bertschy.
3:44 of 2nd period - Shot Misses the Net.
3:44 of 2nd period - Puck is out of play.
3:45 of 2nd period - Colton Sissons wins face-off versus Christoph Bertschy in Marlies zone.
4:10 of 2nd period - Colton Sissons is hit by Dmitry Sinitsyn and loses puck.
4:17 of 2nd period - Wrist shot by Oliver Bjorkstrand.
4:17 of 2nd period - Shot Misses the Net.
4:19 of 2nd period - Penalty to Brett Pesce is over, Brett Pesce is back on ice.
4:19 of 2nd period - Snap shot by Zemgus Girgensons.
4:19 of 2nd period - Stopped by Malcolm Subban without a rebound.
4:20 of 2nd period - Aleksi Saarela wins face-off versus Christoph Bertschy in Marlies zone.
4:27 of 2nd period - Wrist shot by Christoph Bertschy.
4:27 of 2nd period - Shot Misses the Net.
4:29 of 2nd period - Snap shot by Tomas Jurco.
4:29 of 2nd period - Shot Misses the Net.
4:31 of 2nd period - Wrist shot by Zachary Sanford.
4:31 of 2nd period - Stopped by Malcolm Subban without a rebound.
4:32 of 2nd period - Tomas Jurco wins face-off versus Pavel Zacha in Marlies zone.
5:28 of 2nd period - Snap shot by Colton Sissons.
5:28 of 2nd period - Stopped by Garret Sparks with a rebound.
5:30 of 2nd period - Snap shot by Colton Sissons.
5:30 of 2nd period - Shot Blocked by Scott Harrington.
5:40 of 2nd period - Dennis Gilbert is hit by Grant Besse and loses puck.
6:02 of 2nd period - Tomas Jurco is hit by Shane Prince and loses puck.
6:21 of 2nd period - Nick Ritchie is hit by Joonas Lyytinen and loses puck.
6:43 of 2nd period - Colton Sissons is hit by Joonas Lyytinen and loses puck.
6:50 of 2nd period - Snap shot by Chandler Stephenson.
6:50 of 2nd period - Stopped by Malcolm Subban without a rebound.
6:51 of 2nd period - Christoph Bertschy wins face-off versus Aleksi Saarela in Marlies zone.
7:02 of 2nd period - Snap shot by Zachary Sanford.
7:02 of 2nd period - Shot Misses the Net.
7:16 of 2nd period - Nicholas Baptiste is hit by Michael Matheson.
8:38 of 2nd period - Zachary Sanford is hit by Jeff Corbett and loses puck.
9:07 of 2nd period - Snap shot by Zachary Sanford.
9:07 of 2nd period - Stopped by Malcolm Subban with a rebound.
9:09 of 2nd period - Minor Penalty to Dennis Gilbert for Goalie Interference.
9:10 of 2nd period - Colton Sissons wins face-off versus Jacob De La Rose in Marlies zone.
9:21 of 2nd period - Slapshot by Michael Matheson.
9:21 of 2nd period - Stopped by Malcolm Subban without a rebound.
9:22 of 2nd period - Jacob De La Rose wins face-off versus Colton Sissons in Marlies zone.
9:23 of 2nd period - Wrist shot by Oliver Bjorkstrand.
9:23 of 2nd period - Shot Hit the Post.
9:25 of 2nd period - Slapshot by Dmitry Sinitsyn.
9:25 of 2nd period - Deflect By Oliver Bjorkstrand.
9:25 of 2nd period - Shot Blocked by Colton Sissons.
9:25 of 2nd period - Puck is out of play.
9:26 of 2nd period - Jacob De La Rose wins face-off versus Colton Sissons in Marlies zone.
9:29 of 2nd period - Snap shot by Zemgus Girgensons.
9:29 of 2nd period - Deflect By Nick Ritchie.
9:29 of 2nd period - Stopped by Malcolm Subban with a rebound.
9:31 of 2nd period - Wrist shot by Jacob De La Rose.
9:31 of 2nd period - Shot Misses the Net.
9:33 of 2nd period - Wrist shot by Jacob De La Rose.
9:33 of 2nd period - Deflect By Oliver Bjorkstrand.
9:33 of 2nd period - Stopped by Malcolm Subban with a rebound.
10:45 of 2nd period - Oliver Bjorkstrand is hit by Brett Pesce and loses puck.
11:09 of 2nd period - Penalty to Dennis Gilbert is over, Dennis Gilbert is back on ice.
11:25 of 2nd period - Mathieu Olivier is hit by Scott Harrington.
11:55 of 2nd period - Wrist shot by JT Compher.
11:55 of 2nd period - Shot Blocked by Keegan Lowe.
12:27 of 2nd period - Slapshot by Tyler Benson.
12:27 of 2nd period - Shot Misses the Net.
12:29 of 2nd period - Snap shot by Mathieu Olivier.
12:29 of 2nd period - Shot Misses the Net.
12:31 of 2nd period - Wrist shot by Mathieu Olivier.
12:31 of 2nd period - Stopped by Garret Sparks with a rebound.
13:24 of 2nd period - Snap shot by Chandler Stephenson.
13:24 of 2nd period - Stopped by Malcolm Subban without a rebound.
13:25 of 2nd period - Logan Brown wins face-off versus Jacob De La Rose in Marlies zone.
14:16 of 2nd period - Wrist shot by Nick Ritchie.
14:16 of 2nd period - Shot Misses the Net.
14:18 of 2nd period - Snap shot by Pavel Zacha.
14:18 of 2nd period - Deflect By Nick Ritchie.
14:18 of 2nd period - Shot Blocked by Zachary Sanford.
14:18 of 2nd period - Puck is out of play.
14:19 of 2nd period - Christoph Bertschy wins face-off versus Pavel Zacha in Senators zone.
15:14 of 2nd period - Wrist shot by JT Compher.
15:14 of 2nd period - Stopped by Garret Sparks without a rebound.
15:15 of 2nd period - Jacob De La Rose wins face-off versus Pavel Zacha in Senators zone.
15:24 of 2nd period - Snap shot by Zemgus Girgensons.
15:24 of 2nd period - Goal by Zemgus Girgensons - Marlies : 1 - Senators : 1.
15:25 of 2nd period - Pavel Zacha wins face-off versus Jacob De La Rose in neutral zone.
15:40 of 2nd period - Slapshot by Michael Matheson.
15:40 of 2nd period - Shot Misses the Net.
16:14 of 2nd period - Wrist shot by Linden Vey.
16:14 of 2nd period - Shot Misses the Net.
16:16 of 2nd period - Wrist shot by Haydn Fleury.
16:16 of 2nd period - Stopped by Garret Sparks with a rebound.
16:18 of 2nd period - Slapshot by Linden Vey.
16:18 of 2nd period - Stopped by Garret Sparks with a rebound.
16:36 of 2nd period - Snap shot by Chandler Stephenson.
16:36 of 2nd period - Stopped by Malcolm Subban without a rebound.
16:37 of 2nd period - Vitaly Abramov wins face-off versus Logan Brown in Marlies zone.
16:46 of 2nd period - Wrist shot by Chandler Stephenson.
16:46 of 2nd period - Goal by Chandler Stephenson - Marlies : 1 - Senators : 2.
16:47 of 2nd period - Pavel Zacha wins face-off versus Christoph Bertschy in neutral zone.
16:54 of 2nd period - Snap shot by Pavel Zacha.
16:54 of 2nd period - Goal by Pavel Zacha - Marlies : 2 - Senators : 2.
16:55 of 2nd period - Jacob De La Rose wins face-off versus Pavel Zacha in neutral zone.
16:58 of 2nd period - Snap shot by Dmitry Sinitsyn.
16:58 of 2nd period - Stopped by Malcolm Subban without a rebound.
16:59 of 2nd period - Pavel Zacha wins face-off versus Jacob De La Rose in Marlies zone.
16:59 of 2nd period - Pavel Zacha is hit by Zemgus Girgensons.
17:05 of 2nd period - Slapshot by Neal Pionk.
17:05 of 2nd period - Shot Misses the Net.
17:51 of 2nd period - Slapshot by Neal Pionk.
17:51 of 2nd period - Shot Misses the Net.
18:29 of 2nd period - Snap shot by Jordan Schroeder.
18:29 of 2nd period - Stopped by Malcolm Subban without a rebound.
18:30 of 2nd period - Christoph Bertschy wins face-off versus Logan Brown in Marlies zone.
18:35 of 2nd period - Snap shot by Tomas Jurco.
18:35 of 2nd period - Stopped by Malcolm Subban without a rebound.
18:36 of 2nd period - Pavel Zacha wins face-off versus Christoph Bertschy in Marlies zone.
18:45 of 2nd period - Zachary Sanford is hit by Nick Ritchie and loses puck.
19:23 of 2nd period - Icing by Dennis Gilbert.
19:24 of 2nd period - Aleksi Saarela wins face-off versus Chandler Stephenson in Marlies zone.
19:24 of 2nd period - Aleksi Saarela is hit by Nikita Nesterov.
19:27 of 2nd period - Icing by Jeff Corbett.
19:28 of 2nd period - William Bitten wins face-off versus Pavel Zacha in Marlies zone.
Goals for this period are 1 for Marlies vs 2 for Senators.
Shots for this period are 7 for Marlies vs 20 for Senators.
3rd period
0:01 of 3rd period - Pavel Zacha wins face-off versus Zachary Sanford in neutral zone.
0:10 of 3rd period - Christoph Bertschy is hit by Haydn Fleury and loses puck.
0:16 of 3rd period - Icing by Michael Matheson.
0:17 of 3rd period - Christoph Bertschy wins face-off versus Aleksi Saarela in Senators zone.
0:24 of 3rd period - Slapshot by Zachary Sanford.
0:24 of 3rd period - Shot Misses the Net.
0:26 of 3rd period - Snap shot by Zachary Sanford.
0:26 of 3rd period - Goal by Zachary Sanford - Marlies : 2 - Senators : 3.
0:27 of 3rd period - Pavel Zacha wins face-off versus Jacob De La Rose in neutral zone.
0:30 of 3rd period - Snap shot by Nicholas Baptiste.
0:30 of 3rd period - Stopped by Garret Sparks without a rebound.
0:31 of 3rd period - Pavel Zacha wins face-off versus Jacob De La Rose in Senators zone.
0:32 of 3rd period - Slapshot by Nick Ritchie.
0:32 of 3rd period - Stopped by Garret Sparks without a rebound.
0:33 of 3rd period - Zemgus Girgensons wins face-off versus Pavel Zacha in Senators zone.
0:40 of 3rd period - Snap shot by Oliver Bjorkstrand.
0:40 of 3rd period - Shot Blocked by Pavel Zacha.
0:42 of 3rd period - Wrist shot by Zemgus Girgensons.
0:42 of 3rd period - Stopped by Malcolm Subban without a rebound.
0:43 of 3rd period - Pavel Zacha wins face-off versus Christoph Bertschy in Marlies zone.
1:17 of 3rd period - Backhand shot by Oliver Bjorkstrand.
1:17 of 3rd period - Stopped by Malcolm Subban with a rebound.
1:19 of 3rd period - Slapshot by Oliver Bjorkstrand.
1:19 of 3rd period - Shot Misses the Net.
1:21 of 3rd period - Snap shot by Oliver Bjorkstrand.
1:21 of 3rd period - Shot Blocked by Haydn Fleury.
1:23 of 3rd period - Snap shot by Jacob De La Rose.
1:23 of 3rd period - Goal by Jacob De La Rose - Marlies : 2 - Senators : 4.
1:24 of 3rd period - Christoph Bertschy wins face-off versus Pavel Zacha in neutral zone.
1:33 of 3rd period - Wrist shot by Zachary Sanford.
1:33 of 3rd period - Shot Misses the Net.
2:34 of 3rd period - Nick Ritchie is hit by Nikita Nesterov and loses puck.
2:43 of 3rd period - Wrist shot by A.J. Jenks.
2:43 of 3rd period - Shot Misses the Net.
2:45 of 3rd period - Snap shot by Scott Harrington.
2:45 of 3rd period - Shot Misses the Net.
2:57 of 3rd period - Jeff Corbett is hit by Scott Harrington and loses puck.
3:04 of 3rd period - Snap shot by Zachary Sanford.
3:04 of 3rd period - Shot Misses the Net.
3:06 of 3rd period - Snap shot by Tomas Jurco.
3:06 of 3rd period - Goal by Tomas Jurco - Marlies : 2 - Senators : 5.
3:07 of 3rd period - Oliver Bjorkstrand wins face-off versus Aleksi Saarela in neutral zone.
3:10 of 3rd period - Slapshot by Dmitry Sinitsyn.
3:10 of 3rd period - Stopped by Malcolm Subban without a rebound.
3:11 of 3rd period - Jacob De La Rose wins face-off versus Shane Prince in Marlies zone.
3:22 of 3rd period - Backhand shot by Michael Matheson.
3:22 of 3rd period - Stopped by Malcolm Subban without a rebound.
3:23 of 3rd period - Pavel Zacha wins face-off versus Christoph Bertschy in Marlies zone.
3:27 of 3rd period - Off-side.
3:28 of 3rd period - Christoph Bertschy wins face-off versus Pavel Zacha in neutral zone.
3:53 of 3rd period - Wrist shot by Dmitry Sinitsyn.
3:53 of 3rd period - Shot Misses the Net.
4:25 of 3rd period - Wrist shot by Neal Pionk.
4:25 of 3rd period - Shot Misses the Net.
4:49 of 3rd period - Slapshot by Brett Pesce.
4:49 of 3rd period - Deflect By Jordan Schroeder.
4:49 of 3rd period - Stopped by Garret Sparks without a rebound.
4:50 of 3rd period - Colton Sissons wins face-off versus Christoph Bertschy in Senators zone.
4:51 of 3rd period - Snap shot by Linden Vey.
4:51 of 3rd period - Shot Blocked by Zachary Sanford.
5:39 of 3rd period - Aleksi Saarela is hit by Michael Matheson and loses puck.
6:08 of 3rd period - Wrist shot by Mathieu Olivier.
6:08 of 3rd period - Stopped by Garret Sparks with a rebound.
6:10 of 3rd period - Snap shot by Mathieu Olivier.
6:10 of 3rd period - Stopped by Garret Sparks without a rebound.
6:11 of 3rd period - Nick Ritchie wins face-off versus Christoph Bertschy in Senators zone.
6:24 of 3rd period - Scott Harrington is hit by Pavel Zacha and loses puck.
7:44 of 3rd period - Minor Penalty to Nick Ritchie for Holding.
7:45 of 3rd period - Colton Sissons wins face-off versus Christoph Bertschy in Marlies zone.
8:59 of 3rd period - Scott Harrington is hit by Colton Sissons and loses puck.
9:44 of 3rd period - Penalty to Nick Ritchie is over, Nick Ritchie is back on ice.
9:56 of 3rd period - Minor Penalty to Tyler Benson for Roughing.
9:57 of 3rd period - Colton Sissons wins face-off versus Christoph Bertschy in Marlies zone.
11:56 of 3rd period - Penalty to Tyler Benson is over, Tyler Benson is back on ice.
11:57 of 3rd period - Colton Sissons is hit by Michael Matheson and loses puck.
13:12 of 3rd period - Slapshot by Nicholas Baptiste.
13:12 of 3rd period - Stopped by Garret Sparks with a rebound.
13:34 of 3rd period - Oliver Bjorkstrand is hit by Dennis Gilbert and loses puck.
13:54 of 3rd period - Minor Penalty to Tyler Benson for Roughing.
13:55 of 3rd period - Colton Sissons wins face-off versus Christoph Bertschy in Marlies zone.
15:41 of 3rd period - Keegan Lowe is hit by Dennis Gilbert and loses puck.
15:54 of 3rd period - Penalty to Tyler Benson is over, Tyler Benson is back on ice.
16:12 of 3rd period - Slapshot by Tim Erixon.
16:12 of 3rd period - Stopped by Garret Sparks without a rebound.
16:13 of 3rd period - Aleksi Saarela wins face-off versus Chandler Stephenson in Senators zone.
16:16 of 3rd period - Snap shot by JT Compher.
16:16 of 3rd period - Stopped by Garret Sparks with a rebound.
17:35 of 3rd period - Minor Penalty to Aleksi Saarela for Hooking.
17:36 of 3rd period - Colton Sissons wins face-off versus Christoph Bertschy in Marlies zone.
17:53 of 3rd period - Minor Penalty to Christoph Bertschy for High sticking.
17:54 of 3rd period - Pavel Zacha wins face-off versus Zachary Sanford in Senators zone.
17:54 of 3rd period - Wrist shot by Nick Ritchie.
17:54 of 3rd period - Shot Misses the Net.
18:02 of 3rd period - Wrist shot by Nick Ritchie.
18:02 of 3rd period - Shot Misses the Net.
18:04 of 3rd period - Snap shot by Nick Ritchie.
18:04 of 3rd period - Deflect By Pavel Zacha.
18:04 of 3rd period - Stopped by Garret Sparks without a rebound.
18:05 of 3rd period - A.J. Jenks wins face-off versus Pavel Zacha in Senators zone.
18:14 of 3rd period - Backhand shot by Michael Matheson.
18:14 of 3rd period - Shot Misses the Net.
19:28 of 3rd period - Johan Larsson is hit by Dmitry Sinitsyn and loses puck.
19:35 of 3rd period - Penalty to Aleksi Saarela is over, Aleksi Saarela is back on ice.
19:53 of 3rd period - Penalty to Christoph Bertschy is over, Christoph Bertschy is back on ice.
Goals for this period are 0 for Marlies vs 3 for Senators.
Shots for this period are 9 for Marlies vs 7 for Senators.